 Dungeon Crawl Stone Soup version 0.30.0-19-g36f170ea60 (webtiles) character file.

Game seed: 9822830973236645240

71474 cheesebisquit the Impaler (level 15, -5/115 HPs)
             Began as a Merfolk Ice Elementalist on May 28, 2023.
             Was the Champion of Cheibriados.
             Slain by Agnes
             ... wielding a +2 lajatang of electrocution
              (16 damage)
             ... on level 14 of the Dungeon.
             The game lasted 02:43:38 (32399 turns).

cheesebisquit the Impaler (MfIE)                   Turns: 32399, Time: 02:43:38

Health: -5/115     AC: 24    Str: 24    XL:     15   Next: 36%
Magic:  25/27      EV: 25    Int: 41    God:    Cheibriados [******]
Gold:   784        SH:  0    Dex: 31    Spells: 4/30 levels left

rFire   . . .        a - +5 scythe (venom)
rCold   + . .        (shield currently unavailable)
rNeg    + . .        y - +3 leather armour of the Kangaroo {Drain rN+ Int+3 SInv}
rPois   .            Q - +2 helmet {Int+3}
rElec   .            J - +2 cloak
rCorr   .            C - +0 pair of gloves
SInv    +            x - +0 pair of boots
Will    ++...        r - amulet of magic regeneration
Stlth   +            B - ring of protection from cold
HPRegen 0.39/turn    T - ring of willpower
MPRegen 0.60/turn

%: no passive effects
@: confused, ice-armoured, ambrosia-drunk, freezing walls, very slow
A: (nimble swimmer 2), mertail
a: Renounce Religion, Bend Time, Temporal Distortion, Slouch, Step From Time


You were on level 14 of the Dungeon.
You worshipped Cheibriados.
Cheibriados was exalted by your worship.
You visited 4 branches of the dungeon, and saw 22 of its levels.
You visited 1 bazaar.
You also visited: Bailey and Ice Cave.

You collected 2261 gold pieces.
You spent 1477 gold pieces at shops.

Inventory:

Hand Weapons
 a - a +5 scythe of venom (weapon)
 b - a +0 arbalest
 v - a +0 morningstar
Missiles
 q - 6 javelins
 t - 32 poisoned darts
 I - 6 atropa-tipped darts
 O - 10 boomerangs
Armour
 s - the +5 scale mail of Vanity {rCorr}
   (You found it in an ice cave)

   rCorr:     It protects you from acid and corrosion.
 x - a +0 pair of boots (worn)
 y - the +3 leather armour of the Kangaroo (worn) {Drain rN+ Int+3 SInv}
   (You bought it in a shop on level 9 of the Dungeon)

   Int:       It affects your intelligence (+3).
   rN:        It protects you from negative energy.
   SInv:      It lets you see invisible.
   Drain:     It drains your maximum health when unequipped.
 C - a +0 pair of gloves (worn)
 F - a +2 chain mail of cold resistance
 J - a +2 cloak (worn)
 L - a +0 kite shield
 Q - a +2 helmet of intelligence (worn)
 S - a +1 crystal plate armour
 Y - a +1 robe of the Archmagi
Jewellery
 r - an amulet of magic regeneration (around neck)
 B - a ring of protection from cold (left hand)
 N - a ring of protection from fire
 P - an amulet of guardian spirit
 T - a ring of willpower (right hand)
 W - a ring of fire
 Z - an amulet of reflection
Wands
 c - a wand of paralysis (15)
 e - a wand of iceblast (20)
 z - a wand of mindburst (11)
 K - a wand of digging (6)
 X - a wand of flame (3)
Scrolls
 k - 3 scrolls of blinking
 l - a scroll of amnesia
 n - 4 scrolls of poison
 p - 2 scrolls of fear
 u - 11 scrolls of teleportation
 w - a scroll of butterflies
 A - 2 scrolls of silence
 D - a scroll of brand weapon
 G - 3 scrolls of immolation
 M - 3 scrolls of magic mapping
 R - 3 scrolls of vulnerability
 U - 2 scrolls of fog
Potions
 d - 4 potions of brilliance
 f - 5 potions of flight
 g - 2 potions of berserk rage
 h - 6 potions of mutation
 i - 3 potions of curing
 j - 2 potions of attraction
 m - 2 potions of resistance
 o - 5 potions of might
 E - a potion of ambrosia
 H - 6 potions of lignification
 V - 2 potions of magic


   Skills:
 + Level 9.8 Fighting
 - Level 16.0 Polearms
 + Level 12.0 Dodging
 - Level 5.0 Stealth
 + Level 8.1 Spellcasting
 + Level 4.4 Conjurations
 - Level 6.0 Summonings
 + Level 4.5 Necromancy
 - Level 5.0 Transmutations
 + Level 12.5 Ice Magic
 + Level 10.3 Invocations
 - Level 5.0 Evocations


You had 4 spell levels left.
You knew the following spells:

 Your Spells              Type           Power      Damage    Failure   Level
a - Freeze                Ice            100%       1d10      0%          1
b - Frozen Ramparts       Ice            100%       1d16      1%          3
c - Ozocubu's Armour      Ice            88%        N/A       1%          3
d - Summon Ice Beast      Ice/Summ       75%        N/A       1%          4
e - Hailstorm             Conj/Ice       72%        3d15      1%          3
f - Ice Form              Ice/Tmut       73%        N/A       1%          4
g - Simulacrum            Ice/Necr       36%        N/A       11%         6
h - Ensorcelled Hibernat  Hex/Ice        100%       N/A       1%          2

Your spell library contained the following spells:

 Spells                   Type           Power      Damage    Failure   Level
 Cigotuvi's Dreadful Rot  Necr/Pois/Air  58%        N/A       1%          2
 Static Discharge         Conj/Air       68%        2-5/arc   1%          2
 Slow                     Hex            64%        N/A       2%          1
 Spider Form              Tmut/Pois      37%        N/A       2%          3
 Stone Arrow              Conj/Erth      68%        3d11      2%          3
 Ignite Poison            Fire/Tmut/Pois 30%        N/A       3%          3
 Gell's Gravitas          Tloc           16%        N/A       7%          3
 Teleport Other           Tloc           16%        N/A       7%          3
 Tukima's Dance           Hex            16%        N/A       7%          3
 Animate Armour           Summ/Erth      82%        N/A       7%          4
 Anguish                  Hex/Necr       17%        N/A       9%          4
 Iskenderun's Mystic Bla  Conj/Tloc      34%        2d8       9%          4
 Passage of Golubria      Tloc           16%        N/A       22%         4
 Freezing Cloud           Conj/Ice/Air   29%        6-21      6%          5
 Iskenderun's Battlesphe  Conj           52%        2d10      11%         5
 Yara's Violent Unravell  Hex/Tmut       18%        3d9       22%         5
 Iron Shot                Conj/Erth      17%        9d4       80%         6
 Spellforged Servitor     Conj/Summ      28%        N/A       92%         7
 Dispersal                Tloc           8%         N/A       98%         6
 Lehudib's Crystal Spear  Conj/Erth      17%        10d5      100%        8


Dungeon Overview and Level Annotations

Branches:
Dungeon (14/15)            Temple (1/1) D:6            Lair (5/5) D:9
  Swamp (0/4) Lair:2       Spider (0/4) Lair:3        Slime (0/5) Lair:4
    Orc (2/2) D:12            Elf (0/3) Orc:2        Vaults (0/5) D:14
 Bailey (visited)           IceCv (visited)

Altars:
Ashenzari
Cheibriados
Dithmenos
Elyvilon
Fedhas
Gozag
Hepliaklqana
Kikubaaqudgha
Makhleb
Nemelex Xobeh
Okawaru
Qazlal
Ru
Sif Muna
Trog
Uskayaw
Vehumet
Wu Jian
Xom
Yredelemnul
Zin
The Shining One
Jiyva

Shops:
D:1 (   D:9 [   D:12 :   D:13 *   Orc:1 :   Orc:2 [[[?

Annotations:
D:8 2 transporters, exclusion: 2 oklob plants, workbot's ghost, novice GnBe
D:14 Agnes
Orc:1 3 runed translucent doors, CInkIbrahim's ghost, novice GrCA


Innate Abilities, Weirdness & Mutations

((You are very nimble when in or above water. (Stealth+, EV+, Speed+++)))
Your lower body shifts to a powerful aquatic tail in water.


Message History

You reach to attack!
The helpless Agnes fails to defend herself.
You slash Agnes!
Agnes is poisoned.
Agnes is lightly wounded.
Agnes says, "It is my duty to kill you, but also my pleasure."
Agnes completely misses you.
Agnes hits you with a +2 lajatang of electrocution!!
Casting: Summon Ice Beast (mildly dangerous; 1% risk of failure)
Confirm with . or Enter, or press ? or * to list all spells.
A chill wind blows around you. Agnes completely misses you.
Agnes hits you with a +2 lajatang of electrocution!
Casting: Summon Ice Beast (mildly dangerous; 1% risk of failure)
Confirm with . or Enter, or press ? or * to list all spells.
A film of ice covers your body! Agnes completely misses you.
Agnes hits you with a +2 lajatang of electrocution!!
You are electrocuted!
Your ice beast hits Agnes.
Your ice beast freezes Agnes!
Casting: Ozocubu's Armour (safe; 1% risk of failure)
Confirm with . or Enter, or press ? or * to list all spells.
Casting: Frozen Ramparts (safe; 1% risk of failure)
Press: ? - help, Dir - look around, f - activate The walls around you are covered in ice.
The wall freezes Agnes.
Agnes completely misses you.
The wall freezes Agnes.
Agnes hits you with a +2 lajatang of electrocution!!
* * * LOW HITPOINT WARNING * * *
Your ice beast hits Agnes but does no damage.
You feel better.
The wall freezes Agnes!
Agnes completely misses you.
The wall freezes Agnes!
Agnes hits you with a +2 lajatang of electrocution.
* * * LOW HITPOINT WARNING * * *
Your ice beast hits Agnes but does no damage.
You strike the helpless Agnes from behind!
You slash Agnes!
Agnes is severely wounded.
The wall freezes Agnes!
Agnes hits you but does no damage.
You are electrocuted!
* * * LOW HITPOINT WARNING * * *
You are confused.
You feel invigorated.
The wall freezes Agnes.
Agnes hits you with a +2 lajatang of electrocution!
You die...

####.####
#.#
#####.###
#.......#
#.####..#
###..# #
#....#
#.##.##.#
#...@Y..#
####i####
#.# #.#
#.# ..#
###


You could see Agnes (very poisoned, ally target) and a friendly ice beast
(summoned).

Vanquished Creatures
  Rupert (Lair:5)
  Frances (D:13)
  An azure jelly (IceCv)
  2 quicksilver oozes (IceCv)
  An ogre mage (D:12)
  2 hydras
  4 boulder beetles
  Erolcha (D:9)
  A catoblepas (Lair:5)
  2 centaur warriors
  A two-headed ogre (D:12)
  A tengu warrior (D:14)
  3 death yaks (Lair:5)
  A deep troll shaman (Lair:5)
  A skyshark (Lair:3)
  6 skeletal warriors
  A wizard (D:14)
  2 lindwurms (Lair:5)
  3 ugly things
  An orc knight (D:14)
  A deep elf pyromancer (D:14)
  6 orc sorcerers (Orc:2)
  A cyclops (D:13)
  A manticore (D:12)
  Maurice (D:8)
  4 centaur skeletons (D:14)
  9 cane toads
  12 elephants
  An ice statue (IceCv)
  A gargoyle (D:12)
  2 rime drakes
  Psyche (D:8)
  3 yaktaurs (D:14)
  3 komodo dragons
  4 trolls
  3 polar bears (Lair:5)
  8 blink frogs
  8 dream sheep
  9 slime creatures
  Sigmund (D:4)
  A wraith (D:12)
  4 yaks (Lair:3)
  2 wyverns
  2 basilisks
  3 vampire mosquitoes (D:12)
  10 wargs
  A swamp worm (Lair:2)
  10 water moccasins
  16 orc warriors
  An ice beast (D:6)
  12 ogres
  2 great orb of eyes simulacra (IceCv)
  2 centaurs
  6 wolves
  A slime creature simulacrum (IceCv)
  2 phantoms
  A kobold brigand (D:6)
  An elf zombie (D:6)
  2 gnoll sergeants
  3 scorpions
  2 elf skeletons (D:6)
  A glowing shapeshifter simulacrum (IceCv)
  8 bullfrogs
  11 wights
  4 killer bees
  A howler monkey (D:5)
  An electric eel (Lair:2)
  8 jellies
  13 orc priests
  2 human zombies (D:6)
  4 hounds
  A gnoll bouda (D:5)
  3 human skeletons (D:6)
  3 sleepcaps
  6 iguanas
  33 orc wizards
  2 shapeshifter simulacra (IceCv)
  4 adders
  13 gnolls
  10 white imps
  3 ufetubi
  2 worms
  2 dart slugs
  92 orcs
  5 ball pythons
  9 endoplasms
  2 giant cockroaches
  4 goblins
  5 hobgoblins
  5 jackals
  13 kobolds
  7 quokkas
  9 bats
  5 frilled lizards
  2 orc zombies (D:6)
  4 rats
496 creatures vanquished.

Vanquished Creatures (collateral kills)
  An azure jelly (IceCv)
  The ghost of foggy the Basher, a journeyman MiFi of Hepliaklqana (D:9)
  2 hydras (Lair:5)
  A catoblepas (Lair:2)
  2 two-headed ogres
  2 death yaks (Lair:5)
  A skyshark (Lair:4)
  2 bog bodies (Lair:2)
  2 orc knights
  A cyclops (D:11)
  2 orc sorcerers (Orc:2)
  A black mamba (Lair:5)
  A rime drake (Lair:3)
  2 komodo dragons (Lair:3)
  A meliai (Lair:3)
  5 dream sheep
  5 blink frogs (Lair:5)
  6 slime creatures
  2 shadows
  2 wyverns
  A yak (Lair:3)
  A basilisk (Lair:5)
  A swamp worm (Lair:2)
  4 wargs
  A water moccasin (D:7)
  4 orc warriors
  2 black bears
  An ice beast (D:8)
  5 wolves
  A slime creature simulacrum (IceCv)
  A kobold brigand (D:9)
  4 bullfrogs
  A glowing shapeshifter simulacrum (IceCv)
  A scorpion (D:7)
  3 wights
  5 killer bees (D:10)
  2 howler monkeys (D:13)
  7 orc priests
  8 jellies (Lair:4)
  A human skeleton (D:6)
  A sleepcap (D:7)
  11 orc wizards
  2 shapeshifter simulacra (IceCv)
  4 gnolls
  A shadow imp (D:8)
  3 white imps (Lair:1)
  36 orcs
  An endoplasm (Lair:4)
  4 goblins (D:10)
  4 kobolds (D:9)
163 creatures vanquished.

Vanquished Creatures (others)
  An orc wizard (D:8)
  An orc (Orc:2)
2 creatures vanquished.

Grand Total: 661 creatures vanquished

Notes
Turn   | Place    | Note
-------+----------+-------------------------------------------
     0 | D:1      | cheesebisquit the Merfolk Ice Elementalist began the quest
                  | for the Orb.
     0 | D:1      | Reached XP level 1. HP: 13/13 MP: 3/3
   102 | D:1      | Found Imarits's Antique Weapon Shop.
   201 | D:1      | Reached XP level 2. HP: 19/19 MP: 1/5
   763 | D:1      | Reached XP level 3. HP: 24/24 MP: 3/6
   973 | D:1      | Reached skill level 5 in Ice Magic
  1348 | D:1      | Learned a level 3 spell: Frozen Ramparts
  1352 | D:1      | Learned a level 3 spell: Ozocubu's Armour
  1734 | D:2      | Reached XP level 4. HP: 25/30 MP: 5/8
  2304 | D:3      | Reached XP level 5. HP: 20/35 MP: 5/10
  2629 | D:3      | Found a broken altar of Ashenzari.
  4063 | D:4      | Noticed a phantom
  4086 | D:4      | Killed a phantom
  4087 | D:4      | Reached XP level 6. HP: 18/41 MP: 7/12
  4092 | D:4      | Learned a level 4 spell: Summon Ice Beast
  4579 | D:4      | Reached skill level 1 in Summonings
  4867 | D:4      | Reached XP level 7. HP: 29/46 MP: 10/14
  4931 | D:4      | Noticed Sigmund
  4947 | D:4      | Killed Sigmund
  4948 | D:4      | Reached skill level 5 in Spellcasting
  5301 | D:5      | Entered Level 5 of the Dungeon
  5327 | D:5      | Reached skill level 1 in Polearms
  5499 | D:5      | Reached skill level 2 in Polearms
  5503 | D:5      | Reached XP level 8. HP: 33/52 MP: 10/16
  5730 | D:5      | Reached skill level 3 in Polearms
  6460 | D:6      | Found an ornate altar of the Wu Jian Council.
  6648 | D:6      | Found a sparkling altar of Nemelex Xobeh.
  6653 | D:6      | Found an iron altar of Okawaru.
  6875 | D:6      | Reached skill level 4 in Polearms
  7126 | D:6      | Found a staircase to the Ecumenical Temple.
  7136 | Temple   | Entered the Ecumenical Temple
  7234 | Temple   | Became a worshipper of Cheibriados the Contemplative
  7384 | D:6      | Reached XP level 9. HP: 39/57 MP: 18/18
  7466 | D:6      | Reached skill level 5 in Polearms
  7597 | D:6      | Reached skill level 5 in Summonings
  8181 | D:6      | Reached * piety under Cheibriados
  8182 | D:6      | Reached skill level 6 in Polearms
  8714 | D:7      | Found a blossoming altar of Fedhas.
  9119 | D:8      | Noticed Psyche
  9119 | D:8      | Reached ** piety under Cheibriados
  9122 | D:8      | Reached skill level 7 in Polearms
  9128 | D:8      | Killed Psyche
  9129 | D:8      | Reached XP level 10. HP: 52/63 MP: 12/21
  9522 | D:8      | Found a transporter.
  9523 | D:8      | Noticed an oklob plant
  9528 | D:8      | Noticed workbot's ghost (novice GnBe)
  9532 | D:8      | Noticed a deep elf pyromancer
  9535 | D:8      | Found a transporter.
  9552 | D:8      | Noticed an oklob plant
  9552 | D:8      | Noticed a skyshark
  9573 | D:8      | Noticed Maurice
  9580 | D:8      | Killed Maurice
  9581 | D:8      | Reached skill level 8 in Polearms
  9581 | D:8      | Reached skill level 10 in Ice Magic
  9658 | D:8      | Reached *** piety under Cheibriados
  9721 | D:8      | Found an ancient bone altar of Kikubaaqudgha.
  9771 | D:8      | Found a glowing golden altar of the Shining One.
  9805 | D:8      | Noticed a moth of wrath
  9823 | D:8      | Noticed a swamp dragon
  9940 | D:8      | Noticed an alligator
  9951 | D:8      | an alligator changed into a boulder beetle
  9951 | D:8      | Noticed a boulder beetle (shapeshifter)
  9968 | D:8      | Noticed a steelbarb worm
  9968 | D:8      | a steelbarb worm changed into a wolf spider
  9968 | D:8      | Noticed a wolf spider (shapeshifter)
 10181 | D:9      | Reached skill level 1 in Invocations
 10313 | D:9      | Noticed Erolcha
 10326 | D:9      | Killed Erolcha
 10398 | D:9      | Reached skill level 9 in Polearms
 10552 | D:9      | Found a runed translucent gate.
 10552 | D:9      | Found a runed translucent gate.
 10552 | D:9      | Found a runed translucent gate.
 10555 | D:9      | Noticed foggy's ghost (journeyman MiFi)
 10647 | D:9      | Found a staircase to the Lair.
 10692 | D:9      | Reached skill level 1 in Fighting
 10755 | D:9      | Found Fecyrery's Armour Emporium.
 10763 | D:9      | Bought a +2 helmet of intelligence for 365 gold pieces
 11000 | D:9      | Found a viscous altar of Jiyva.
 11196 | D:8      | a redback changed into a cyclops
 11196 | D:8      | Noticed a cyclops (shapeshifter)
 11198 | D:8      | Noticed a bunyip
 11213 | D:8      | Noticed a salamander
 11213 | D:8      | a salamander changed into a komodo dragon
 11225 | D:8      | Noticed a broodmother
 11227 | D:8      | a broodmother changed into a jorogumo
 11227 | D:8      | Noticed a jorogumo (shapeshifter)
 11325 | D:10     | Entered Level 10 of the Dungeon
 11333 | D:10     | Reached **** piety under Cheibriados
 11359 | D:10     | Found a flagged portal.
 11369 | Bailey   | Entered a bailey
 11578 | Bailey   | Noticed an orc knight
 11585 | Bailey   | Killed an orc knight
 11586 | Bailey   | Reached XP level 11. HP: 55/72 MP: 15/22
 11818 | D:10     | Reached skill level 10 in Polearms
 12040 | D:10     | Noticed a five-headed hydra
 12048 | D:10     | Killed a five-headed hydra
 12075 | D:10     | Reached ***** piety under Cheibriados
 12550 | D:11     | Noticed a green ugly thing
 12552 | D:11     | Noticed a centaur warrior
 12561 | D:11     | Killed a green ugly thing
 12570 | D:11     | Killed a centaur warrior
 12983 | D:11     | Found a flickering gateway to a bazaar.
 12992 | Bazaar   | Entered a bazaar
 12998 | Bazaar   | Found Hontif's Book Emporium.
 12998 | Bazaar   | Found Vitemyeq's Jewellery Shoppe.
 13124 | D:11     | Noticed a skeletal warrior
 13124 | D:11     | Noticed a skeletal warrior
 13124 | D:11     | Noticed a skeletal warrior
 13124 | D:11     | Noticed a skeletal warrior
 13496 | D:11     | Noticed a two-headed ogre
 13500 | D:11     | Killed a two-headed ogre
 13501 | D:11     | Reached skill level 5 in Dodging
 13584 | D:11     | Noticed a cyclops
 13610 | D:11     | Killed a cyclops
 13611 | D:11     | Reached skill level 11 in Polearms
 14195 | D:12     | Noticed a manticore
 14201 | D:12     | Killed a manticore
 14671 | D:12     | Found a staircase to the Orcish Mines.
 14898 | D:12     | Noticed a boulder beetle
 14908 | D:12     | Reached skill level 5 in Stealth
 14908 | D:12     | Reached skill level 5 in Invocations
 14910 | D:12     | Killed a boulder beetle
 15090 | D:12     | Found Alixez's Book Emporium.
 15347 | D:12     | Reached XP level 12. HP: 66/84 MP: 17/23
 15711 | D:13     | Noticed a boulder beetle
 15711 | D:13     | Found Votooj's Mayhem Merchandise.
 15738 | D:13     | Killed a boulder beetle
 15739 | D:13     | Reached skill level 12 in Polearms
 15780 | D:13     | Noticed a boulder beetle
 15827 | D:13     | Killed a boulder beetle
 15959 | D:9      | Bought the +3 leather armour of the Kangaroo {Drain rN+
                  | Int+3 SInv} for 562 gold pieces
 16395 | D:11     | HP: 3/85 [skeletal warrior/+0 mace (18)]
 16612 | D:11     | Reached skill level 5 in Fighting
 16612 | D:11     | Reached skill level 1 in Evocations
 18037 | D:8      | Noticed a catoblepas
 18048 | D:8      | Noticed an emperor scorpion
 18139 | Lair:1   | Entered Level 1 of the Lair of Beasts
 18422 | Lair:1   | Reached skill level 13 in Polearms
 18584 | Lair:1   | Found a frozen archway.
 18591 | Lair:1   | Reached ****** piety under Cheibriados
 18611 | IceCv    | Entered an ice cave
 18961 | IceCv    | Noticed a quicksilver ooze
 18968 | IceCv    | Killed a quicksilver ooze
 19014 | IceCv    | Noticed a quicksilver ooze
 19023 | IceCv    | Killed a quicksilver ooze
 19156 | IceCv    | Noticed an azure jelly
 19166 | IceCv    | Killed an azure jelly
 19167 | IceCv    | Reached skill level 14 in Polearms
 19167 | IceCv    | Reached XP level 13. HP: 84/94 MP: 18/24
 19195 | IceCv    | Found a viscous altar of Jiyva.
 19195 | IceCv    | Noticed an azure jelly
 19210 | IceCv    | Killed an azure jelly
 19247 | IceCv    | Got the +6 dagger of Calamity {freeze, rC+}
 19249 | IceCv    | Identified the +5 scale mail of Vanity {rCorr}
 20850 | Lair:2   | Found a staircase to the Swamp.
 21782 | Lair:3   | Reached skill level 15 in Polearms
 21934 | Lair:3   | Found a hole to the Spider Nest.
 22227 | Lair:3   | Reached skill level 5 in Evocations
 22499 | Lair:3   | Learned a level 3 spell: Hailstorm
 22504 | Lair:3   | Learned a level 4 spell: Ice Form
 22511 | Lair:3   | Learned a level 6 spell: Simulacrum
 23028 | Lair:4   | Reached skill level 1 in Transmutations
 23353 | Lair:4   | Reached skill level 1 in Conjurations
 23467 | Lair:4   | Reached skill level 1 in Necromancy
 23493 | Lair:4   | Found a staircase to the Slime Pits.
 23609 | Lair:4   | Found a viscous altar of Jiyva.
 23887 | Lair:4   | Reached XP level 14. HP: 93/104 MP: 17/25
 24168 | Lair:5   | Entered Level 5 of the Lair of Beasts
 24242 | Lair:5   | Reached skill level 10 in Dodging
 24497 | Lair:5   | Reached skill level 16 in Polearms
 25003 | D:12     | Bought a book of Dreams for 264 gold pieces
 25006 | D:12     | Learned a level 2 spell: Ensorcelled Hibernation
 25504 | Lair:5   | Noticed Rupert
 25737 | Lair:5   | Killed Rupert
 26924 | Lair:5   | Reached skill level 5 in Transmutations
 27073 | Lair:5   | Got Sif Muna's Precepts of the Oath and Energy
 27250 | D:8      | Noticed a frost giant
 27254 | D:8      | Noticed a stone giant
 27255 | D:8      | a stone giant changed into a fire giant
 27255 | D:8      | Noticed a fire giant (shapeshifter)
 27332 | D:9      | Killed foggy's ghost
 27523 | Orc:1    | Entered Level 1 of the Orcish Mines
 27997 | D:12     | Found Alixez's Book Emporium.
 28104 | D:12     | Found a staircase to the Orcish Mines.
 28629 | Orc:1    | Found a runed translucent gate.
 28630 | Orc:1    | Found a runed translucent gate.
 28631 | Orc:1    | Found a runed translucent gate.
 28694 | Orc:1    | Noticed CInkIbrahim's ghost (novice GrCA)
 28880 | Orc:2    | Entered Level 2 of the Orcish Mines
 29438 | Orc:1    | Found Vozous Pept's Book Boutique.
 29885 | Orc:2    | Reached XP level 15. HP: 96/111 MP: 17/26
 29993 | Orc:2    | Found Keroch's Armour Shoppe.
 29993 | Orc:2    | Found Diock's Antique Armour Boutique.
 30040 | Orc:2    | Reached skill level 10 in Invocations
 30208 | Orc:2    | Found Teleot's Antique Armour Shoppe.
 30208 | Orc:2    | Found Kyelox's Magic Scroll Boutique.
 30350 | Orc:2    | Found a staircase to the Elven Halls.
 30698 | Orc:1    | Bought a Trismegistus Codex for 286 gold pieces
 30899 | D:13     | Noticed Frances
 30985 | D:13     | Killed Frances
 31650 | D:13     | Found a sacrificial altar of Ru.
 32270 | D:14     | Found a gate to the Vaults.
 32388 | D:14     | Noticed Agnes
 32399 | D:14     | Slain by Agnes

Illustrated notes

Levels and vault maps discovered:
D:1:      dpeg_arrival_short_road, layout_loops_corners, serial_shops,
          nicolae_shop_hallway_plus, chequers_garden,
          chequers_serial_rivers_small_a
D:2:      layout_rooms
D:3:      layout_loops_ring, old_standard_altar, serial_forest,
          infiniplex_forest_end_2, infiniplex_forest_end_3,
          infiniplex_forest_split, infiniplex_forest_join,
          infiniplex_forest_corner_2, infiniplex_forest_end_2
D:4:      layout_gridville, hangedman_decor_opposing, minmay_misc_feat_square,
          uniq_sigmund
D:5:      layout_cave_pools
D:6:      layout_loops_corners, mainiacjoe_overflow_large_starburst,
          nzn_wu_jian_contemplation, temple_fountains,
          nicolae_ossuary_entry_catacombs, hex_large, minmay_misc_feat_encased,
          roderic_lattice_a
D:7:      layout_gridville, fedhas_altar_1
D:8:      layout_loops_ring, mainiacjoe_overflow_tiny_flanked, tso_oasis_becter,
          nzn_ghost_randoct, uniq_psyche, uniq_maurice
D:9:      layout_small_grid, erik_lair_orcish_takeover, gammafunk_ghost_ooze,
          serial_shops, shop, uniq_erolcha
D:10:     layout_roguey, enter_bailey_5, nicolae_kite_square_tiling_tiny
D:11:     layout_layer_cave, serial_shops, bzr_in_the_mist
D:12:     layout_irregular_city, david_orc_3, serial_shops,
          nicolae_shop_just_a_little_nook, serial_column_ruins,
          column_ruins_pillar_3, column_ruins_pillar_7, column_ruins_pillar_4,
          column_ruins_pillar_4, column_ruins_pillar_9, column_ruins_pillar_9,
          column_ruins_pillar_1, column_ruins_pillar_2, column_ruins_pillar_2,
          column_ruins_pillar_4, column_ruins_pillar_6, column_ruins_pillar_4,
          column_ruins_pillar_1, column_ruins_pillar_1, column_ruins_pillar_5,
          column_ruins_pillar_11, column_ruins_pillar_1
D:13:     layout_long_grid, amcnicky_mini_corridor_feature, minmay_shop_mayhem,
          nicolae_ru_path_of_blood, uniq_frances
D:14:     layout_loops_cross, hangedman_vaults_entry_quadrant_bands,
          hangedman_decor_diamond_cutter, uniq_agnes
Temple:   nicolae_temple_superstar
Lair:1:   layout_regular_city, portal_ice_cave_entry_imps
Lair:2:   layout_cave_pods, nicolae_swamp_entry_splash_gauntlet, serial_forest,
          infiniplex_forest_clump_tiny, infiniplex_forest_pool,
          infiniplex_forest_lined_2, infiniplex_forest_straight_4,
          infiniplex_forest_clump_cross, infiniplex_forest_straight_5
Lair:3:   layout_gridlike, hellmonk_spider_entry_not_the_bees
Lair:4:   layout_regular_city, minmay_slime_entry_jelly_boxes
Lair:5:   grunt_lair_end_beastmaster, layout_gridlike, serial_rivers,
          chequers_serial_rivers_marsh, chequers_serial_rivers_room_b,
          chequers_serial_rivers_micro_e, chequers_serial_rivers_large_a,
          chequers_serial_rivers_room_b, chequers_serial_rivers_marsh,
          grunt_megastairs_4, uniq_rupert
Orc:1:    layout_caves, gammafunk_ghost_necromancy, serial_shops,
          nicolae_lakefront_shop
Orc:2:    st_orc_town, layout_diamond_mine

Skill      XL: |  1  2  3  4  5  6  7  8  9 10 11 12 13 14 15 |
---------------+----------------------------------------------+-----
Ice Magic      | 5 6 7 8 9 10 11 12 | 12.5
Spellcasting   | 3 4 5 6 7 8 |  8.1
Summonings     | 1 3 4 6 |  6.0
Polearms       | 2 4 7 9 11 14 15 16 | 16.0
Invocations    | 3 5 7 8 9 10 | 10.3
Dodging        | 3 6 8 9 11 12 | 12.0
Fighting       | 2 4 6 7 9 |  9.8
Stealth        | 3 5 |  5.0
Evocations     | 3 5 |  5.0
Transmutations | 2 5 |  5.0
Conjurations   | 1 3 4 |  4.4
Necromancy     | 1 3 4 |  4.5

Action                     |  1- 3 |  4- 6 |  7- 9 | 10-12 | 13-15 || total
---------------------------+-------+-------+-------+-------+-------++-------
  Melee: Unarmed           |    12 |       |       |       |    15 ||    27
         Dagger            |    25 |     3 |       |       |       ||    28
         Morningstar       |       |   302 |       |     2 |     7 ||   311
         Punch             |       |     3 |       |       |       ||     3
         Halberd           |       |       |   198 |   271 |   664 ||  1133
         Trident           |       |       |     3 |       |       ||     3
         Tailslap          |       |       |       |       |     8 ||     8
  Throw: Stone             |     1 |       |       |       |       ||     1
   Cast: Freeze            |    63 |    39 |       |       |       ||   102
         Ozocubu's Armour  |       |    20 |    45 |    84 |    89 ||   238
         Frozen Ramparts   |       |    21 |    63 |    92 |   101 ||   277
         Summon Ice Beast  |       |       |    13 |   100 |   110 ||   223
         Ensorcelled Hiber |       |       |       |       |     5 ||     5
         Ice Form          |       |       |       |       |     3 ||     3
         Hailstorm         |       |       |       |       |     3 ||     3
 Invoke: Temporal Distorti |       |       |       |       |     3 ||     3
  Evoke: Wand              |       |       |       |     1 |       ||     1
    Use: Scroll            |       |       |    10 |    19 |     8 ||    37
         Potion            |       |       |     4 |    14 |     6 ||    24
   Stab: Sleeping          |       |     4 |     1 |     2 |    13 ||    20
         Distracted        |       |       |       |     2 |    10 ||    12
         Invisible         |       |       |       |     6 |     1 ||     7
 Armour: Robe              |    23 |    23 |    67 |    58 |       ||   171
         Skin              |       |       |     3 |       |     4 ||     7
         Leather armour    |       |       |       |    44 |   138 ||   182
  Dodge: Dodged            |    54 |    57 |   141 |   199 |   512 ||   963
